Arrhythmia, neutral female human Tourist -------- ---j|....| |..@0....|---------- |.-.00-00|.|.......| |...-.0....|.......| |.-....|...|.......| |....-.--0-|...<...| |...0..0...|.......| |.--...|...|.......| |....-.|---|.......| ---....-----------+| |...>.......^^^^.| ------------------ Arrhythmia the Excursionist Experience level: 7 Strength: 13 Dexterity: 16 Constitution: 18 Intelligence: 16 Wisdom: 8 Charisma: 12 Health: 0(66) Energy: 20(20) AC: 10 Gold: 134 Moves: 7600 Your Inventory: Coins $ - 134 gold pieces Armor k - an uncursed +0 Hawaiian shirt (being worn) M - an [uncursed] +0 mummy wrapping (being worn) N - an [uncursed] rusty +0 pair of boots called Kicking [kicking] (being worn) W - an [uncursed] +0 pair of hard shoes [iron] Comestibles c - an uncursed food ration g - 2 uncursed tripe rations R - 3 [uncursed] lizard corpses Scrolls P - 2 [cursed] scrolls called earth [of earth] S - a [cursed] unlabeled scroll [of blank paper] T - 5 [uncursed] unlabeled scrolls [of blank paper] U - a [blessed] unlabeled scroll [of blank paper] Potions i - 2 uncursed potions of extra healing t - an [uncursed] potion called smoky [of invisibility] V - a [cursed] potion called smoky [of invisibility] Y - an [uncursed] potion of object detection Tools l - an uncursed expensive camera (0:85) m - an uncursed credit card L - an [uncursed] leash O - an [uncursed] towel X - an [uncursed +0] unicorn horn (weapon in hands) Spells known in the end: Name Level Category Fail Memory a - force bolt 1 attack 14% [||||||..] b - invisibility 4 escape 100% [||||||..] Your skills at the end: Fighting Skills Weapon Skills dart [Basic / Expert] Spellcasting Skills Final Attributes: You were piously aligned. Hunger level was 826. Your alignment was 41 / 48. Monster difficulty range was 0 - 6. Level difficulty was 5. You resisted poison. You were lucky (1). You are dead. Vanquished creatures: a small mimic a giant beetle 2 quivering blobs a spotted jelly 2 leprechauns an orc-captain an orc mummy 2 brown puddings an owlbear 4 lizards 2 chickatrices a dog a dingo a black unicorn a raven 3 snakes 2 soldier ants an imp a water nymph a mountain nymph a rock piercer a rock mole a yellow light 2 shriekers a violet fungus 3 gnome lords a kobold mummy 2 gray oozes 5 elf zombies a straw golem 2 paper golems a wax golem 7 giant ants 2 little dogs a floating eye 2 kittens 4 dwarves 2 homunculi 2 kobold lords 2 rothes a rabid rat a centipede 2 wererats 4 iguanas an acid blob a coyote 2 gas spores 3 hobbits 4 manes 2 hobgoblins 7 giant rats 3 cave spiders a brown mold 2 yellow molds a green mold a red mold 19 gnomes 2 gnome zombies 4 geckos 3 jackals 2 foxes a goblin 10 sewer rats 5 grid bugs 3 lichens a kobold zombie 2 newts 161 creatures vanquished. Voluntary challenges: You were an atheist. You used a wielded weapon 127 times. You read items or engraved 887 times. You put on armor 12 times. You never genocided any monsters. You never polymorphed an object. You never changed form. You used no wishes. You wrote Elbereth's name 421 times. You never encountered a bones level. You never used any Sokoban shortcuts. Dungeon overview: The Dungeons of Doom: levels 1 to 7 Level 1 a fountain a long staircase Level 2 some fountains Level 3 a fountain Level 4 a general store, a fountain stairs to The Gnomish Mines Level 5 a fountain Level 6 many fountains Level 7 some fountains stairs to Sokoban The Gnomish Mines: levels 5 to 6 Level 5 stairs to The Dungeons of Doom Sokoban: levels 5 to 6 Level 5 <- You were here Level 6 a magic chest stairs to The Dungeons of Doom History has recorded: On T:1 you entered the Dungeons of Doom to retrieve the Amulet of Yendor! On T:456 you reached level 2 of The Dungeons of Doom. On T:489 you advanced to experience level 2. On T:793 you advanced to experience level 3. On T:1122 you reached level 3 of The Dungeons of Doom. On T:1484 you reached level 4 of The Dungeons of Doom. On T:1555 you advanced to experience level 4. On T:2142 you reached level 1 of The Gnomish Mines. On T:2464 you advanced to experience level 5. On T:2743 you reached level 2 of The Gnomish Mines. On T:3368 you reached level 5 of The Dungeons of Doom. On T:4102 you reached level 6 of The Dungeons of Doom. On T:5022 you reached level 7 of The Dungeons of Doom. On T:5534 you advanced to experience level 6. On T:5565 you reached level 3 of Sokoban. On T:6331 you advanced to experience level 7. On T:7314 you reached level 2 of Sokoban. Latest messages: Aloha Arrhythmia, the human Tourist, welcome back to DynaHack! You are lucky! Full moon tonight. You write "Elbereth" with your fingers into the dust. You add "Elbereth" with your fingers to the writing in the dust. [HP+1=22] You add "Elbereth" with your fingers to the writing in the dust. (5x) [HP+1=23] You kick the blue jelly. You are suddenly very cold! You die... Final status: Aloha Arrhythmia the Tourist... You died in Sokoban on dungeon level 5 with 345 points, and 134 pieces of gold, after 7600 moves. You were level 7 with a maximum of 66 hit points when you died.